 Seeded DCSS version 0.28-a0-1117-g0bdd5ba030 (webtiles) character file.

Game seed: 20211211 (custom seed)

754 flotson the Ogre Mage (level 7, -3/67 HPs)
             Began as an Ogre Fire Elementalist on Dec 11, 2021.
             Was an Initiate of Hepliaklqana.
             Slain by Menkaure (7 damage)
             ... on level 5 of the Dungeon.
             The game lasted 00:14:21 (6380 turns).

flotson the Ogre Mage (Ogre Fire Elementalist)      Turns: 6380, Time: 00:14:22

Health: -3/67      AC:  3    Str: 15    XL:     7   Next: 79%
Magic:  10/13      EV: 10    Int: 16    God:    Hepliaklqana [......]
Gold:   130        SH:  0    Dex:  9    Spells: 1/14 levels left

rFire   . . .      SeeInvis .   a - +2 dagger (venom)
rCold   . . .      Faith    .   (no shield)
rNeg    . . .      Spirit   .   b - +0 robe
rPois   .          Reflect  .   (helmet restricted)
rElec   .          Harm     .   (no cloak)
rCorr   .          Rampage  .   (gloves unavailable)
Will    .....                   (boots unavailable)
Stlth   +.........              A - amulet of magic regeneration
HPRegen 0.21/turn               g - ring of flight
MPRegen 0.53/turn               (no ring)

@: flying, very slightly contaminated
A: large, unfitting armour, tough skin 1
a: Renounce Religion


You were on level 5 of the Dungeon.
You worshipped Hepliaklqana.
Hepliaklqana was noncommittal.
You visited 1 branch of the dungeon, and saw 5 of its levels.

You collected 130 gold pieces.

Inventory:

Hand Weapons
 a - a +2 dagger of venom (weapon)
Missiles
 p - 5 datura-tipped darts
 s - 21 poisoned darts (quivered)
 B - 4 javelins
Armour
 b - a +0 robe (worn)
Jewellery
 g - a ring of flight (left hand)
 A - an amulet of magic regeneration (around neck)
Wands
 r - a wand of paralysis (2)
Scrolls
 f - 3 scrolls of identify {unknown}
 h - a scroll of torment {unknown}
 k - a scroll of enchant weapon {unknown}
 m - a scroll of magic mapping {unknown}
 n - a scroll of teleportation {unknown}
 o - a scroll of noise {unknown}
 t - a scroll of enchant armour {unknown}
 v - a scroll of silence {unknown}
 w - 2 scrolls of fear {unknown}
 x - a scroll of blinking {unknown}
 y - a scroll of brand weapon {unknown}
 z - a scroll of fog {unknown}
Potions
 c - a potion of mutation {unknown}
 d - a potion of magic {unknown}
 e - a potion of haste {unknown}
 i - a potion of ambrosia {unknown}
 j - 2 potions of attraction {unknown}
 l - 4 potions of curing
 q - a potion of flight {unknown}
 u - a potion of heal wounds {unknown}


   Skills:
 + Level 3.5 Fighting
 + Level 2.0 Throwing
 + Level 2.2 Armour
 + Level 3.2 Dodging
 - Level 1.4 Stealth
 + Level 4.1 Spellcasting
 + Level 2.8 Conjurations
 + Level 0.6 Hexes
 + Level 3.9 Fire Magic
 + Level 1.6 Evocations


You had one spell level left.
You knew the following spells:

 Your Spells              Type           Power      Damage    Failure   Level
a - Foxfire               Conj/Fire      56%        2x1d6     4%          1
b - Inner Flame           Hex/Fire       10%        N/A       21%         3
c - Conjure Flame         Conj/Fire      14%        6-21      12%         3
d - Scorch                Fire           30%        2d7       4%          2
e - Flame Wave            Conj/Fire      14%        2d5       38%         4

Your spell library contained the following spells:

 Spells                   Type           Power      Damage    Failure   Level
 Apportation              Tloc           6%         N/A       17%         1
 Summon Small Mammal      Summ           12%        N/A       17%         1
 Summon Guardian Golem    Hex/Summ       4%         N/A       41%         3
 Call Canine Familiar     Summ           3%         N/A       45%         3
 Frozen Ramparts          Ice            6%         1d2       45%         3
 Ice Form                 Ice/Tmut       3%         N/A       86%         4
 Summon Ice Beast         Ice/Summ       3%         N/A       86%         4
 Alistair's Intoxication  Tmut/Pois      2%         N/A       99%         5


Dungeon Overview and Level Annotations

Branches:
Dungeon (5/15)
 Temple: D:4-7

Altars:
Dithmenos
Hepliaklqana

Shops:
D:2 (

Annotations:
D:4 Pikel
D:5 Menkaure


Innate Abilities, Weirdness & Mutations

You are too large for most types of armour.
You have tough skin. (AC +1)


Message History

You completely miss Menkaure.
Menkaure is almost destroyed.
Menkaure closely misses you.
You hit Menkaure.
Menkaure is almost destroyed.
The adder bites you.
You are poisoned.
The adder poisons you!
Menkaure calls on the powers of darkness!
Your body is wracked with pain!
The adder convulses!
You hit Menkaure.
Menkaure is almost destroyed.
You feel sick. The adder bites you but does no damage.
Menkaure points at you and mumbles some strange words.
You struggle to resist.
The adder barely misses you.
You hit Menkaure but do no damage.
Menkaure is almost destroyed.
You feel sick. Menkaure closely misses you. The adder closely misses you.
Menkaure hits you!!
* * * LOW HITPOINT WARNING * * *
Unknown command.
It was a potion of curing.
You feel better. The adder bites you.
* * * LOW HITPOINT WARNING * * *
Menkaure closely misses you.
Your magical contamination has completely faded away.
Casting: Scorch (safe; 4% risk of failure)
Confirm with . or Enter, or press ? or * to list all spells.
Flames lash Menkaure but do no damage.
Menkaure is no longer more vulnerable to fire.
The adder bites you.
* * * LOW HITPOINT WARNING * * *
Menkaure hits you.
* * * LOW HITPOINT WARNING * * *
The adder bites you but does no damage.
Casting: Scorch (safe; 4% risk of failure)
Confirm with . or Enter, or press ? or * to list all spells.
You miscast Scorch.
You are very lightly contaminated with residual magic.
Nothing appears to happen.
Menkaure hits you!
You die...

# .# ########.#
##.......############
##.......#..........#
##.......#.....M@...#
...............S....#
.........###.########
...#.....ยง.......#
...#.............#
...#.............#
...#.............#
........S.....####
.............>...


You could see Menkaure (fast) and an adder.

Vanquished Creatures
  2 ogres (D:4)
  2 lemures
  A water moccasin skeleton (D:5)
  5 orc priests
  A gnoll shaman (D:2)
  A hound (D:4)
  Jessica (D:3)
  2 orc wizards
  5 gnolls (D:3)
  9 adders
  A river rat (D:4)
  3 worms
  2 dart slugs
  12 orcs
  12 ball pythons
  12 endoplasms
  4 giant cockroaches
  5 goblins
  6 hobgoblins
  7 jackals
  4 quokkas
  7 bats
  8 frilled lizards
  2 kobolds
  3 rats
117 creatures vanquished.

Vanquished Creatures (others)
  51 foxfires
51 creatures vanquished.

Grand Total: 168 creatures vanquished

Notes
Turn   | Place    | Note
-------+----------+-------------------------------------------
     0 | D:1      | flotson the Ogre Fire Elementalist began the quest for the
                  | Orb.
     0 | D:1      | Reached XP level 1. HP: 16/16 MP: 3/3
   186 | D:1      | Found a faded altar of an unknown god.
   211 | D:1      | Reached skill level 1 in Conjurations
   304 | D:1      | Reached XP level 2. HP: 17/26 MP: 5/5
   648 | D:1      | Reached skill level 1 in Fighting
   761 | D:1      | Reached XP level 3. HP: 33/33 MP: 7/7
  1209 | D:2      | Found Ceq Unip's Weapon Shoppe.
  1229 | D:2      | Reached skill level 3 in Spellcasting
  1229 | D:2      | Reached XP level 4. HP: 36/41 MP: 8/8
  1645 | D:2      | Reached skill level 1 in Armour
  2712 | D:3      | Reached XP level 5. HP: 49/49 MP: 6/9
  3330 | D:3      | Found a hazy altar of Hepliaklqana.
  3330 | D:3      | Found a shadowy altar of Dithmenos.
  3332 | D:3      | Noticed a shadow
  3392 | D:3      | Reached XP level 6. HP: 59/59 MP: 11/11
  3426 | D:3      | Became a worshipper of Hepliaklqana the Forgotten
  3465 | D:3      | Noticed Jessica
  3471 | D:3      | Killed Jessica
  3472 | D:3      | Reached skill level 1 in Throwing
  3681 | D:3      | Reached skill level 1 in Evocations
  4490 | D:4      | Reached XP level 7. HP: 8/67 MP: 10/12
  5138 | D:4      | Learned a level 3 spell: Inner Flame
  5142 | D:4      | Learned a level 3 spell: Conjure Flame
  5145 | D:4      | Learned a level 2 spell: Scorch
  5150 | D:4      | Learned a level 4 spell: Flame Wave
  5173 | D:4      | Noticed Pikel
  5695 | D:4      | Reached skill level 4 in Spellcasting
  6255 | D:5      | Entered Level 5 of the Dungeon
  6354 | D:5      | Noticed Menkaure
  6376 | D:5      | HP: 2/67 [Menkaure (18)]
  6380 | D:5      | Slain by Menkaure

Illustrated notes

Levels and vault maps discovered:
D:1:      dpeg_arrival_connections, layout_basic,
          ebering_ecumenical_altar_petrified
D:2:      layout_loops_ring, serial_shops, nicolae_shop_bloodbath_and_beyond,
          minmay_lizard_pond
D:3:      layout_basic, riverfiend_overflow_shadow_ancestor, uniq_jessica
D:4:      minmay_inner_zag, layout_basic, portal_sewer_entry_b, uniq_pikel
D:5:      layout_basic, minmay_temple_entry_trees, small_statue_intersection,
          hex_large, uniq_grinder, uniq_edmund, uniq_menkaure

Skill      XL: |  1  2  3  4  5  6  7 |
---------------+----------------------+-----
Conjurations   | 1 2 |  2.8
Fighting       | 1 2 3 |  3.5
Dodging        | 2 3 |  3.2
Fire Magic     | 3 |  3.9
Spellcasting   | 3 4 |  4.1
Armour         | 1 2 |  2.2
Throwing       | 1 2 |  2.0
Evocations     | 1 |  1.6
Stealth        | |  1.4
Hexes          | |  0.6

Action                   |  1- 3 |  4- 6 |  7- 9 || total
-------------------------+-------+-------+-------++-------
Melee: Dagger            |    85 |   228 |   105 ||   418
Throw: Dart              |       |       |    13 ||    13
 Cast: Foxfire           |    10 |    30 |    21 ||    61
       Scorch            |       |       |     2 ||     2
  Use: Potion            |       |       |     1 ||     1
 Stab: Sleeping          |     3 |     1 |     1 ||     5
Armor: Robe              |    19 |    63 |    20 ||   102
Dodge: Dodged            |    48 |   116 |    41 ||   205

Table legend: (Time is in decaauts)
 A = Elapsed time spent in this place.
 B = Non-inter-level travel time spent in this place.
 C = Inter-level travel time spent in this place.
 D = Time resting spent in this place.
 E = Time spent auto-exploring this place.
 F = Levels seen in this place.
 G = Mean time per level.
                   A        B        C        D        E       F      G
               +--------+--------+--------+--------+--------+-----+--------+
         Total |   6383 |   6212 |    171 |    604 |   4118 |   5 | 1276.6 |
       Dungeon |   6383 |   6212 |    171 |    604 |   4118 |   5 | 1276.6 |
               +--------+--------+--------+--------+--------+-----+--------+

Top non-repeatable levels by time:
     D:3: 1989 daAuts
     D:4: 1695 daAuts
     D:2: 1372 daAuts
     D:1: 1201 daAuts
     D:5: 124 daAuts
